Map: Jagannatha LE

Players

Serral - Winner!

  • Race: Zerg Zerg

Trap

  • Race: Protoss Protoss

Event: DreamHack SC2 Masters 2021 Fall

VOD

Have the link to the VOD?

Description

Time

  • Played on: Sept. 12, 2021, 11:50 a.m.
  • Length: 9:53

All games in this series

Show
View Real Time Build Order
Export as new Build Order

Serral Zerg - Winner!

Build Orders: Hatch First 

Get SALT Encoding   

  12  0:00  Drone  
  13  0:11  Overlord  
  13  0:17  Drone  
  14  0:30  Drone x2  
  16  0:44  Drone  
  17  0:53  Hatchery  
  17  0:55  Drone  
  17  0:59  Drone  
  18  1:08  Extractor  
  17  1:14  Spawning Pool  
  17  1:17  Drone  
  17  1:20  Drone  
  18  1:27  Drone  
  19  1:38  Drone  
  20  1:48  Overlord  
  20  2:01  Queen  
  22  2:05  Queen  
  22  2:06  Zergling x4  
  26  2:11  Drone  
  26  2:12  Metabolic Boost  
  27  2:16  Drone  
  27  2:22  Drone  
  29  2:27  Drone  
  30  2:36  Queen  
  32  2:45  Hatchery  
  32  2:47  Drone  
  32  2:49  Drone  
  33  2:53  Overlord  
  33  2:55  Drone  
  34  2:59  Drone  
  34  3:00  Drone  
  36  3:08  Overlord  
  36  3:14  Drone x4  
  36  3:16  Drone x2  
  42  3:24  Drone  
  42  3:26  Queen  
  45  3:30  Queen  
  45  3:33  Overlord  
  46  3:36  Drone  
  46  3:37  Drone  
  46  3:40  Zergling x2  
  49  3:44  Overlord  
  49  3:52  Zergling x4  
  49  3:54  Drone, Spore Crawler x2  
  49  3:55  Drone  
  51  4:00  Drone x3  
  54  4:04  Zergling x2  
  54  4:07  Drone x2  
  54  4:08  Drone  
  58  4:15  Drone  
  59  4:17  Overlord  
  59  4:18  Drone x4  
  63  4:25  Roach Warren  
  63  4:29  Drone x4  
  66  4:35  Zergling x2  
  66  4:38  Lair  
  66  4:41  Extractor x2, Overlord  
  66  4:43  Zergling x2  
  66  4:45  Drone x2, Overlord  
  65  4:46  Drone  
  65  4:50  Spore Crawler  
  65  4:51  Queen  
  69  4:53  Drone  
  69  4:57  Zergling x2  
  69  4:59  Drone  
  73  5:00  Drone x4  
  73  5:06  Overlord  
  75  5:07  Drone x2  
  75  5:09  Overlord  
  77  5:14  Overlord  
  77  5:16  Drone x2  
  77  5:18  Evolution Chamber  
  77  5:20  Queen, Drone  
  81  5:22  Drone x2  
  83  5:29  Extractor  
  83  5:30  Drone x6  
  83  5:31  Extractor  
  83  5:32  Drone  
  83  5:33  Extractor  
  87  5:35  Zergling x2  
  87  5:39  Queen x2  
  91  5:47  Hatchery  
  91  5:48  Drone  
  91  5:49  Drone  
  91  5:50  Drone  
  91  5:51  Drone  
  91  5:53  Glial Reconstitution  
  93  5:59  Zerg Missile Weapons Level 1  
  93  6:03  Drone  
  95  6:04  Drone x2, Spire  
  95  6:08  Overseer  
  95  6:09  Overlord  
  95  6:11  Drone  
  95  6:12  Drone x4  
  95  6:17  Overlord  
  100  6:20  Drone  
  100  6:22  Drone x2  
  100  6:24  Drone  
  104  6:27  Infestation Pit, Overlord x2  
  103  6:32  Queen x2  
  103  6:33  Extractor  
  103  6:34  Extractor  
  103  6:36  Queen  
  106  6:40  Overlord  
  106  6:44  Overseer  
  106  6:45  Roach x3  
  112  6:49  Roach x2  
  116  6:59  Roach x5  
  126  7:01  Overlord  
  126  7:03  Roach x2  
  126  7:05  Overlord  
  126  7:07  Overlord  
  128  7:22  Mutalisk x8  
  128  7:24  Mutalisk  
  128  7:27  Roach x2  
  150  7:31  Roach x3  
  156  7:37  Overlord  
  156  7:39  Roach x4  
  164  7:48  Roach x5  
  171  7:59  Roach  
  171  8:00  Roach x8  
  177  8:13  Overlord  
  177  8:15  Overlord  
  177  8:17  Overlord  
  177  8:21  Queen  
  177  8:22  Queen x2  
  175  8:32  Hive  
  173  8:34  Baneling Nest  
  173  8:36  Roach x8  
  173  8:40  Ravager x9  
  195  8:44  Roach x2  
  193  8:53  Roach x5  
  197  9:06  Roach x3  
  197  9:07  Roach x2  
  192  9:12  Roach x4  
  192  9:13  Roach  
  192  9:26  Roach x6  
  186  9:31  Roach  
  186  9:32  Hatchery, Roach x2  
Show
View Real Time Build Order
Export as new Build Order

Trap Protoss 

Build Orders: 1 Gate Expand, Oracle Opening, Zealot Archon 

Get SALT Encoding   

  12  0:00  Probe  
  13  0:16  Pylon  
  13  0:17  Probe (Chrono Boost)  
  14  0:27  Probe (Chrono Boost)  
  15  0:32  Probe  
  16  0:41  Gateway  
  16  0:44  Probe  
  17  0:50  Assimilator  
  17  0:56  Probe  
  18  1:08  Probe  
  19  1:21  Probe  
  19  1:25  Nexus  
  20  1:35  Cybernetics Core  
  20  1:39  Probe  
  21  1:45  Assimilator  
  21  1:51  Probe  
  22  1:54  Pylon  
  22  2:03  Probe (Chrono Boost)  
  23  2:12  Adept  
  26  2:15  Probe (Chrono Boost)  
  26  2:18  Stargate  
  26  2:23  Probe (Chrono Boost)  
  26  2:28  Warp Gate  
  27  2:32  Probe (Chrono Boost)  
  28  2:37  Probe (Chrono Boost)  
  28  2:42  Adept  
  32  2:47  Probe x2 (Chrono Boost)  
  33  2:52  Probe, Void Ray (Chrono Boost)  
  33  2:54  Probe  
  35  3:04  Probe  
  40  3:06  Probe  
  40  3:11  Pylon  
  41  3:13  Adept  
  41  3:18  Probe x2  
  45  3:29  Oracle (Chrono Boost)  
  48  3:35  Probe x2  
  48  3:38  Gateway  
  50  3:48  Probe x2  
  52  3:51  Pylon  
  52  3:57  Nexus  
  52  4:01  Probe x2  
  54  4:06  Assimilator  
  54  4:09  Assimilator  
  54  4:11  Stargate  
  54  4:13  Probe  
  54  4:14  Probe  
  56  4:17  Pylon  
  56  4:22  Void Ray  
  56  4:23  Pylon  
  56  4:30  Probe x2  
  62  4:37  Forge  
  62  4:42  Probe x2  
  64  4:50  Shield Battery  
  64  4:53  Pylon  
  64  4:54  Void Ray  
  64  4:55  Probe x2  
  66  5:00  Protoss Air Weapons Level 1  
  66  5:06  Void Ray  
  72  5:07  Probe (Chrono Boost)  
  72  5:10  Probe (Chrono Boost)  
  72  5:11  Probe (Chrono Boost)  
  77  5:18  Probe (Chrono Boost)  
  77  5:19  Probe (Chrono Boost)  
  77  5:20  Protoss Ground Weapons Level 1 (Chrono Boost)  
  80  5:21  Probe (Chrono Boost)  
  80  5:23  Probe (Chrono Boost)  
  80  5:24  Probe  
  80  5:25  Twilight Council  
  82  5:31  Probe  
  82  5:34  Pylon, Probe  
  84  5:36  Probe  
  85  5:43  Assimilator, Probe  
  85  5:44  Assimilator  
  85  5:46  Robotics Facility  
  85  5:47  Pylon  
  85  5:49  Pylon  
  86  5:51  Charge  
  86  5:52  Probe x2  
  86  5:55  Probe  
  89  6:01  Gateway  
  89  6:04  Gateway  
  89  6:12  Templar Archives  
  89  6:15  Gateway  
  89  6:17  Gateway  
  89  6:18  Probe x2  
  91  6:19  Probe  
  91  6:21  Gateway  
  92  6:27  Gateway  
  92  6:33  Warp Prism (Chrono Boost)  
  92  6:35  Gateway  
  92  6:37  Gateway  
  92  6:38  Gateway  
  94  6:41  Gateway  
  94  6:43  Zealot  
  94  6:44  Zealot  
  98  6:51  Pylon  
  98  6:52  Pylon  
  95  7:05  High Templar x4  
  103  7:08  Nexus  
  103  7:13  Archon x2  
  103  7:16  High Templar x2  
  103  7:18  Pylon  
  107  7:23  Zealot, Archon  
  107  7:27  Pylon  
  107  7:29  Observer (Chrono Boost)  
  110  7:31  Zealot x2  
  110  7:32  Zealot  
  116  7:37  Zealot x5  
  116  7:38  Robotics Bay  
  126  7:45  Zealot  
  128  7:56  Zealot  
  128  7:57  Zealot x9  
  130  8:03  Phoenix (Chrono Boost)  
  130  8:04  Phoenix (Chrono Boost)  
  110  8:13  Photon Cannon  
  110  8:17  Stalker x3  
  110  8:18  Stalker  
  112  8:20  Phoenix (Chrono Boost)  
  112  8:22  Phoenix  
  112  8:25  Disruptor (Chrono Boost)  
  111  8:51  Disruptor (Chrono Boost)  
  111  8:52  Sentry  
  111  8:53  High Templar x2, Sentry, Zealot x2  
  111  8:54  Zealot x3  
  127  9:03  Archon  
  127  9:04  Zealot x2  
  105  9:17  Zealot x7  
  105  9:18  Disruptor (Chrono Boost)  
  84  9:33  Zealot x2  
  84  9:34  Zealot  
  84  9:37  Zealot x3  
  84  9:38  Zealot  

Tags
 
Add a new tag
Caveats
  • Supply blocks, unpowered buildings, or Contaminate may cause inaccurate times.
  • Supply counts are checked every 10 seconds.